 Dungeon Crawl Stone Soup version 0.29-a0-266-gf56f883ddd (webtiles) character file.

Game seed: 9363413454740417690

234 fragbeetle the Chopper (level 6, -2/32 HPs)
             Began as a Vine Stalker Fighter on Mar 6, 2022.
             Slain by a sky beast (5 damage)
             ... on level 5 of the Dungeon.
             The game lasted 00:02:29 (2297 turns).

fragbeetle the Chopper (Vine Stalker Fighter)       Turns: 2297, Time: 00:02:29

Health: -2/32      AC:  6    Str: 21    XL:     6   Next: 5%
Magic:  0/7        EV:  9    Int:  8    God:
Gold:   120        SH:  4    Dex: 13    Spells: 5/5 levels left

rFire   . . .      SeeInvis .   a - +0 war axe
rCold   . . .      Faith    .   c - +0 buckler
rNeg    + . .      Spirit   +   b - +0 scale mail
rPois   .          Reflect  .   (no helmet)
rElec   .          Harm     .   (no cloak)
rCorr   .          Rampage  .   (no gloves)
Will    .....                   (no boots)
Stlth   ..........              (no amulet)
HPRegen 0.90/turn               d - ring of positive energy
MPRegen 0.10/turn               (no ring)

@: no status effects
A: fangs 2, regeneration 1, magic shield, antimagic bite, no potion heal 2
a: no special abilities


You were on level 5 of the Dungeon.
You visited 1 branch of the dungeon, and saw 4 of its levels.

You collected 120 gold pieces.

Inventory:

Hand Weapons
 a - a +0 war axe (weapon)
Missiles
 n - 6 poisoned darts (quivered)
 o - 2 javelins
Armour
 b - a +0 scale mail (worn)
 c - a +0 buckler (worn)
Jewellery
 d - a ring of positive energy (left hand)
Scrolls
 e - a scroll of enchant armour {unknown}
 h - 2 scrolls of identify {unknown}
 i - a scroll of brand weapon {unknown}
 j - 6 scrolls of teleportation {unknown}
 k - a scroll of fog {unknown}
 l - a scroll of magic mapping {unknown}
 m - 3 scrolls of silence {unknown}
Potions
 f - 2 potions of curing {unknown}
 g - 3 potions of mutation {unknown}
 p - 2 potions of resistance {unknown}


   Skills:
 - Level 2.6 Fighting
 * Level 5.6 Axes
 - Level 2.4 Armour
 - Level 2.6 Shields


You had 5 spell levels left.
You didn't know any spells.
Your spell library contained the following spells:

 Spells                   Type           Power      Damage    Failure   Level
 Shock                    Conj/Air       0%         1d3       85%         1
 Ensorcelled Hibernation  Hex/Ice        0%         N/A       94%         2
 Spider Form              Tmut/Pois      0%         N/A       99%         3
 Swiftness                Air            0%         N/A       99%         3
 Tukima's Dance           Hex            0%         N/A       99%         3
 Airstrike                Air            0%         N/A       100%        4
 Anguish                  Hex/Necr       0%         N/A       100%        4
 Passage of Golubria      Tloc           0%         N/A       100%        4
 Yara's Violent Unravell  Hex/Tmut       0%         3d3       100%        5


Dungeon Overview and Level Annotations

Branches:
Dungeon (3/15)

Altars:
Ashenzari


Innate Abilities, Weirdness & Mutations

You have extremely sharp teeth.
Your natural rate of healing is unusually fast.
When hurt, damage is shared between your health and your magic reserves.
Your bite disrupts and absorbs the magic of your enemies.
Potions cannot restore your health.


Message History

The phantom blinks!
You blink.
You are too injured to fight recklessly!
You are too injured to fight recklessly!
You are too injured to fight recklessly!
You are too injured to fight recklessly!
Unknown command.
You miss the phantom. You bite the phantom. You drain its power.
You feel invigorated.
The phantom is moderately damaged.
The phantom hits you.
You hit the phantom but do no damage. You bite the phantom.
You drain its power.
The phantom is moderately damaged.
The phantom hits you but does no damage.
You slash the phantom!
The phantom is severely damaged.
You miss something. Something hits you. Something shocks you.
The phantom hits you. x2
* * * LOW HITPOINT WARNING * * *
The phantom blinks!
You blink.
You barely miss the phantom. Your bite misses the phantom.
The phantom is severely damaged.
You closely miss something. Something hits you but does no damage.
You block the phantom's attack.
You closely miss the phantom. You bite the phantom, but do no damage.
The phantom is severely damaged.
You closely miss something. The phantom barely misses you. Something hits you.
* * * LOW HITPOINT WARNING * * *
Something shocks you.
* * * LOW HITPOINT WARNING * * *
You slash the phantom! Your bite misses the phantom.
The phantom is almost destroyed.
You miss something. Something hits you but does no damage.
The phantom hits you.
You closely miss the phantom. Your bite misses the phantom.
The phantom is almost destroyed.
You closely miss something. Something hits you.
* * * LOW HITPOINT WARNING * * *
Something shocks you.
You die...

###. .... ..... .......#
#..... ......# #.....
.(....####+##########.....
......>......#............
#......W...#............
##......@...#............
+...........#............
#...........#............
#...........#............
#....######'#....))......
#....##.....#....))......
##..........#............
#..........#......######
...........'......#....'


You could see a phantom.

Vanquished Creatures
  A centaur (D:5)
  A gnoll shaman (D:5)
  3 adders (D:2)
  5 gnolls (D:5)
  A worm (D:2)
  2 dart slugs (D:1)
  4 ball pythons
  3 endoplasms
  2 goblins (D:2)
  5 hobgoblins
  3 jackals (D:1)
  3 kobolds
  4 quokkas
  4 bats
  A frilled lizard (D:2)
  3 rats
45 creatures vanquished.

Notes
Turn   | Place    | Note
-------+----------+-------------------------------------------
     0 | D:1      | fragbeetle the Vine Stalker Fighter began the quest for the
                  | Orb.
     0 | D:1      | Reached XP level 1. HP: 11/11 MP: 2/2
    73 | D:1      | Reached skill level 2 in Axes
   257 | D:1      | Found a faded altar of an unknown god.
   341 | D:1      | Reached XP level 2. HP: 13/16 MP: 3/3
  1185 | D:2      | Found a broken altar of Ashenzari.
  1199 | D:2      | Reached skill level 3 in Axes
  1215 | D:2      | Reached XP level 3. HP: 19/19 MP: 4/4
  1608 | D:2      | Gained mutation: Your natural rate of healing is unusually
                  | fast. [Vine Stalker growth]
  1608 | D:2      | Reached XP level 4. HP: 8/23 MP: 3/5
  1991 | D:2      | Reached skill level 4 in Axes
  2156 | D:3      | You fall into a shaft and drop 2 floors!
  2156 | D:5      | Entered Level 5 of the Dungeon
  2156 | D:5      | Noticed a centaur
  2158 | D:5      | Killed a centaur
  2159 | D:5      | Reached XP level 5. HP: 27/27 MP: 6/6
  2178 | D:5      | Reached skill level 5 in Axes
  2186 | D:5      | Reached XP level 6. HP: 12/32 MP: 2/7
  2284 | D:5      | Noticed a sky beast
  2297 | D:5      | Slain by a sky beast

Illustrated notes

Levels and vault maps discovered:
D:1:      lemuel_arrival_rhombus, layout_basic,
          shapermc_ecumenical_altar_pompeii
D:2:      minmay_spotlight, layout_basic, basic_altar, minmay_tall_x
D:3:      layout_basic, nicolae_overflow_ecumenical_swirl, serial_bayou_pond_d,
          minmay_pentomino_pile
D:5:      layout_gridville

Skill      XL: |  1  2  3  4  5 |
---------------+----------------+-----
Axes           | 2 3 4 5 |  5.6
Fighting       | |  2.6
Armour         | |  2.4
Shields        | |  2.6

Action                   |  1- 3 |  4- 6 || total
-------------------------+-------+-------++-------
Melee: War axe           |    68 |    45 ||   113
       Bite              |    11 |    12 ||    23
  Use: Potion            |       |     1 ||     1
Armor: Scale mail        |    31 |    15 ||    46
Dodge: Dodged            |    39 |    21 ||    60
Block: Buckler           |    21 |    12 ||    33

Table legend: (Time is in decaauts)
 A = Elapsed time spent in this place.
 B = Non-inter-level travel time spent in this place.
 C = Inter-level travel time spent in this place.
 D = Time resting spent in this place.
 E = Time spent auto-exploring this place.
 F = Levels seen in this place.
 G = Mean time per level.
                   A        B        C        D        E       F      G
               +--------+--------+--------+--------+--------+-----+--------+
         Total |   2337 |   2201 |    136 |     18 |   1850 |   4 |  584.2 |
       Dungeon |   2337 |   2201 |    136 |     18 |   1850 |   4 |  584.2 |
               +--------+--------+--------+--------+--------+-----+--------+

Top non-repeatable levels by time:
     D:1: 1132 daAuts
     D:2: 1026 daAuts
     D:5: 146 daAuts
     D:3: 31 daAuts
